 Dungeon Crawl Stone Soup version 0.31.0-32-g396128a36d (webtiles) character file.

Game seed: 3890752797227596383

3 PaiMei the Grave Robber (level 1, 0/13 HPs)
             Began as a Demonspawn Necromancer on Apr 17, 2024.
             Slain by a jackal (1 damage)
             ... on level 1 of the Dungeon.
             The game lasted 00:00:21 (297 turns).

PaiMei the Grave Robber (Demonspawn Necromancer)     Turns: 297, Time: 00:00:21

Health: 0/13       AC:  2    Str:  8    XL:     1   Next: 41%
Magic:  0/3        EV: 12    Int: 15    God:
Gold:   8          SH:  0    Dex: 13    Spells: 3/4 levels left

rFire   . . .        (no weapon)
rCold   . . .        (no shield)
rNeg    . . .        a - +0 robe
rPois   .            (no helmet)
rElec   .            (no cloak)
rCorr   .            (no gloves)
SInv    .            (no boots)
Will    .....        (no amulet)
Stlth   ++           (no ring)
HPRegen 0.22/turn    (no ring)
MPRegen 0.08/turn

%: no passive effects
@: no status effects
A: no striking features
a: no special abilities


You were on level 1 of the Dungeon.
You visited 1 branch of the dungeon, and saw 1 of its levels.

You collected 8 gold pieces.

Inventory:

Armour
 a - a +0 robe (worn)
Potions
 b - a potion of magic
 c - a potion of resistance {unknown}


   Skills:
 + Level 1.8 Dodging
 + Level 1.8 Stealth
 + Level 2.0 Spellcasting
 + Level 4.4 Necromancy


You had 3 spell levels left.
You knew the following spells:

 Your Spells              Type           Power      Damage    Failure   Level
a - Necrotise             Necr           56%        1d6       3%          1

Your spell library contained the following spells:

 Spells                   Type           Power      Damage    Failure   Level
 Vampiric Draining        Necr           14%        2d7       11%         3
 Animate Dead             Necr           14%        N/A       34%         4
 Curse of Agony           Necr           14%        N/A       69%         5


Dungeon Overview and Level Annotations

Branches:
Dungeon (1/15)

Altars:


Message History

The jackal is moderately wounded.
Your jackal skeleton closely misses the giant cockroach.
The jackal bites you.
* * * LOW HITPOINT WARNING * * *
Your jackal skeleton barely misses the giant cockroach.
Casting: Necrotise (safe; 3% risk of failure)
Confirm with . or Enter, or press ? or * to list all spells.
You don't have enough magic to cast this spell.
You barely miss the jackal.
The jackal is moderately wounded.
The jackal closely misses you. The jackal barely misses you.
Your jackal skeleton bites the giant cockroach but does no damage.
You barely miss the jackal.
The jackal is lightly wounded.
The jackal closely misses you.
Your jackal skeleton bites the giant cockroach but does no damage.
Casting: Necrotise (safe; 3% risk of failure)
Confirm with . or Enter, or press ? or * to list all spells.
You don't have enough magic to cast this spell.
You barely miss the jackal.
The jackal is lightly wounded.
The jackal bites you but does no damage.
Your jackal skeleton bites the giant cockroach but does no damage.
The jackal bites you.
* * * LOW HITPOINT WARNING * * *
Casting: Necrotise (safe; 3% risk of failure)
Confirm with . or Enter, or press ? or * to list all spells.
You don't have enough magic to cast this spell.
You barely miss the jackal.
The jackal is lightly wounded.
Your jackal skeleton misses the giant cockroach.
The jackal misses you.
Casting: Necrotise (safe; 3% risk of failure)
Confirm with . or Enter, or press ? or * to list all spells.
You don't have enough magic to cast this spell.
You closely miss the jackal.
The jackal is lightly wounded.
Your jackal skeleton bites the giant cockroach but does no damage.
The jackal bites you.
You die...

#........'.....
#..#####.######
########........'.....
#........#############
#....#####......'.....
###....## #.##########.
#.......# #.#....'...#.
...#.....#
#.#.######.#. ..
#####@# #.#.#..'<#.#. .
#h# #.#.#..###'#' #B#
#'#'#'####.#.
#Z####.#.#.#>'..#.
#....#.#.#.######.
#......#.#.#...'....
.....#....#.#.#########
#######..##.#.....'....
#..##.###########


You could see a jackal (ally target), a giant cockroach and a friendly jackal
skeleton.

Vanquished Creatures
  2 jackals (D:1)
  A ball python (D:1)
3 creatures vanquished.

Notes
Turn   | Place    | Note
-------+----------+-------------------------------------------
     0 | D:1      | PaiMei the Demonspawn Necromancer began the quest for the
                  | Orb.
     0 | D:1      | Reached XP level 1. HP: 13/13 MP: 3/3
   297 | D:1      | Slain by a jackal

Illustrated notes

Levels and vault maps discovered:
D:1:      minmay_arrival_widening_spiral_narrow, layout_rooms, hex_medium

Action                     || total
---------------------------++-------
  Melee: Unarmed           ||    36
   Cast: Necrotise         ||     8
 Armour: Robe              ||    23
  Dodge: Dodged            ||    32
